 Dungeon Crawl Stone Soup version 0.29-a0-2-g12fcac58f8 (webtiles) character file.

Game seed: 10573172904740595123

84 funkygono the Firebug (level 4, -3/24 HPs)
             Began as a Gargoyle Fire Elementalist on Jan 26, 2022.
             Slain by a scorpion (8 damage)
             ... on level 4 of the Dungeon.
             The game lasted 00:03:31 (2787 turns).

funkygono the Firebug (Gargoyle Fire Elementalist)  Turns: 2787, Time: 00:03:31

Health: -3/24      AC:  5    Str: 12    XL:     4   Next: 46%
Magic:  1/8        EV: 12    Int: 17    God:
Gold:   128        SH:  0    Dex: 10    Spells: 2/8 levels left

rFire   . . .      SeeInvis +   j - +0 whip (elec)
rCold   . . .      Faith    .   (no shield)
rNeg    + . .      Spirit   .   a - +0 robe
rPois   ∞          Reflect  .   (no helmet)
rElec   +          Harm     .   (no cloak)
rCorr   .          Rampage  .   (no gloves)
Will    .....                   (no boots)
Stlth   ++........              (no amulet)
HPRegen 0.08/turn               b - ring of see invisible
MPRegen 0.11/turn               (no ring)

@: mighty
A: sickness immunity, AC +3, negative energy resistance 1, electricity
resistance, torment resistance 1, petrification resistance
a: no special abilities


You were on level 4 of the Dungeon.
You visited 1 branch of the dungeon, and saw 4 of its levels.

You collected 128 gold pieces.

Inventory:

Hand Weapons
 d - a +0 mace
 j - a +0 whip of electrocution (weapon)
Missiles
 h - 3 stones
Armour
 a - a +0 robe (worn)
 c - a +0 ring mail
Jewellery
 b - a ring of see invisible (left hand)
 m - a +6 ring of strength
Scrolls
 f - 4 scrolls of identify {unknown}
 g - 2 scrolls of blinking {unknown}
 i - 2 scrolls of enchant armour {unknown}
 l - a scroll of noise {unknown}
 n - a scroll of immolation {unknown}
Potions
 k - a potion of lignification {unknown}
 o - a potion of attraction {unknown}


   Skills:
 + Level 1.6 Dodging
 - Level 2.1 Stealth
 * Level 2.9 Spellcasting
 * Level 1.8 Conjurations
 * Level 4.2 Fire Magic


You had 2 spell levels left.
You knew the following spells:

 Your Spells              Type           Power      Damage    Failure   Level
a - Foxfire               Conj/Fire      48%        2x1d6     5%          1
b - Scorch                Fire           32%        2d6       4%          2
c - Conjure Flame         Conj/Fire      12%        6-21      16%         3

Your spell library contained the following spells:

 Spells                   Type           Power      Damage    Failure   Level
 Apportation              Tloc           4%         N/A       19%         1
 Inner Flame              Hex/Fire       9%         N/A       22%         3
 Flame Wave               Conj/Fire      12%        2d6       45%         4
 Alistair's Intoxication  Tmut/Pois      1%         N/A       99%         5


Dungeon Overview and Level Annotations

Branches:
Dungeon (4/15)
 Temple: D:4-7

Altars:


Innate Abilities, Weirdness & Mutations

You are immune to sickness and miasma.
Your stone body is resilient. (AC +3)
You are immune to poison.
You resist negative energy. (rN+)
You are resistant to electric shocks. (rElec)
You are resistant to unholy torment.
You are immune to petrification.


Message History

The scorpion is lightly wounded.
The foxfire hits the scorpion.
The scorpion is burned terribly!
The scorpion is moderately wounded.
Unknown command.
The scorpion is no longer more vulnerable to fire.
The scorpion stings you but does no damage.
The dart slug launches a dart at you.
The slug dart hits you but does no damage.
The scorpion stings you.
Casting: Foxfire (safe; 5% risk of failure)
Confirm with . or Enter, or press ? or * to list all spells.
Flames lash the scorpion.
The scorpion is moderately wounded.
The scorpion's fire resistance burns away.
The scorpion barely misses you.
Unknown command.
Casting: Scorch (safe; 4% risk of failure)
Confirm with . or Enter, or press ? or * to list all spells.
You don't have enough magic to cast this spell.
Unknown command.
The scorpion stings you.
* * * LOW HITPOINT WARNING * * *
Casting: Scorch (safe; 4% risk of failure)
Confirm with . or Enter, or press ? or * to list all spells.
You conjure some foxfire!
The scorpion is no longer more vulnerable to fire.
The scorpion barely misses you.
Unknown command.
The foxfire hits the scorpion but does no damage.
The scorpion is moderately wounded.
The foxfire hits the scorpion.
The scorpion is heavily wounded.
The scorpion closely misses you.
It was a potion of might.
You feel very mighty all of a sudden.
The scorpion stings you but does no damage.
You closely miss the scorpion.
The scorpion is heavily wounded.
The scorpion stings you!
You die...

#... ## )... ..##
..... ..# .... .....
..# .....#####
#.#...#.# .........#
#.#...#.# .....w.$.#
#.#..>.<# .........#
#.#####.### #......)#
#.#.s@....#
#.......###.#.###.#.#
#.............###.#.#
#.......###.#.....#.#
#######...#.#.#####.#
..#.#.#.# .#
##.#.#.#.# .. #..
....# .# ### #...#


You could see a scorpion.

Vanquished Creatures
  2 adders (D:3)
  3 worms (D:3)
  A dart slug (D:1)
  7 endoplasms
  A giant cockroach (D:3)
  3 goblins (D:1)
  8 hobgoblins
  9 jackals
  A quokka (D:3)
  A ball python (D:1)
  5 bats
  3 frilled lizards (D:1)
  3 kobolds
  3 rats
50 creatures vanquished.

Vanquished Creatures (collateral kills)
  2 foxfires (D:2)
2 creatures vanquished.

Vanquished Creatures (others)
  134 foxfires
134 creatures vanquished.

Grand Total: 186 creatures vanquished

Notes
Turn   | Place    | Note
-------+----------+-------------------------------------------
     0 | D:1      | funkygono the Gargoyle Fire Elementalist began the quest
                  | for the Orb.
     0 | D:1      | Reached XP level 1. HP: 10/10 MP: 3/3
   264 | D:1      | Reached XP level 2. HP: 15/15 MP: 0/5
   314 | D:1      | Learned a level 2 spell: Scorch
   895 | D:1      | Reached XP level 3. HP: 19/19 MP: 2/6
   899 | D:1      | Learned a level 3 spell: Conjure Flame
  2052 | D:3      | Reached skill level 4 in Fire Magic
  2098 | D:3      | Reached XP level 4. HP: 24/24 MP: 2/8
  2639 | D:3      | Found a faded altar of an unknown god.
  2767 | D:4      | Noticed a scorpion
  2787 | D:4      | Slain by a scorpion

Illustrated notes

Levels and vault maps discovered:
D:1:      ebering_hopf_link, layout_basic
D:2:      layout_loops_ring, serial_bayou, serial_bayou_pond_c,
          serial_bayou_pond_c, serial_bayou_shore_b, serial_bayou_pond_d
D:3:      layout_rooms, basic_ecumenical_altar
D:4:      layout_basic

Skill      XL: |  1  2  3 |
---------------+----------+-----
Fire Magic     | 4 |  4.2
Dodging        | |  1.6
Stealth        | |  2.1
Spellcasting   | |  2.9
Conjurations   | |  1.8

Action                   |  1- 3 |  4- 6 || total
-------------------------+-------+-------++-------
Melee: Mace              |     3 |       ||     3
       Whip              |     6 |     5 ||    11
 Cast: Foxfire           |    54 |    25 ||    79
       Scorch            |     8 |     8 ||    16
  Use: Potion            |       |     1 ||     1
Armor: Robe              |     7 |     4 ||    11
Dodge: Dodged            |    15 |     9 ||    24

Table legend: (Time is in decaauts)
 A = Elapsed time spent in this place.
 B = Non-inter-level travel time spent in this place.
 C = Inter-level travel time spent in this place.
 D = Time resting spent in this place.
 E = Time spent auto-exploring this place.
 F = Levels seen in this place.
 G = Mean time per level.
                   A        B        C        D        E       F      G
               +--------+--------+--------+--------+--------+-----+--------+
         Total |   2798 |   2750 |     48 |     44 |   2386 |   4 |  699.5 |
       Dungeon |   2798 |   2750 |     48 |     44 |   2386 |   4 |  699.5 |
               +--------+--------+--------+--------+--------+-----+--------+

Top non-repeatable levels by time:
     D:1: 1168 daAuts
     D:3: 836 daAuts
     D:2: 756 daAuts
     D:4: 37 daAuts
